[Event "Early-Titled-Tuesday-Blitz-February-06-2024"]
[Site "Chess.com"]
[Date "2024.02.06"]
[Round "7"]
[White "Louis-Paulsen-Fan"]
[Black "Barath1308"]
[Result "1/2-1/2"]
[WhiteElo "2272"]
[BlackElo "2394"]
[TimeControl "180+1"]
[EndTime "9:19:01 PST"]
[Termination "Game drawn by repetition"]

1. d4 Nf6 2. Nf3 g6 3. c4 Bg7 4. Nc3 d6 5. e4 O-O 6. Be2 e5 7. O-O Nc6 8. d5 Ne7 9. Ne1 Ne8 10. f3 f5 11. g4 h5 12. h3 Kh7 13. Kg2 Ng8 14.
Nd3 Bf6 15. Be3 Bg5 16. Bf2 Nh6 17. Rh1 Bh4 18. Bxh4 Qxh4 19. Qe1 Qf6 20. Qd2 f4 21. Raf1 Kg7 22. c5 Rh8 23. b4 Nf7 24. b5 Qe7 25. cxd6 cxd6 26. Rc1 Nf6 27. a4 Bd7 28. a5 Rh7 29. b6 a6 30. Nb1 Rah8 31. Qc3 hxg4 32.
hxg4 Rxh1 33. Rxh1 Rxh1 34. Kxh1 Nxe4 35. fxe4 Qh4+ 36.
Kg2 Qg3+ 37. Kf1 f3 38. Nf2 fxe2+ 39. Kxe2 Bxg4+ 40. Nxg4 Qxg4+ 41. Kd3 Ng5 42. Nd2 Nxe4 43. Qc7+ Kh6 44. Nxe4 Qf3+ 45. Kd2 Qxe4 46. Qxd6 Qd4+ 47. Ke1 Qc3+ 48. Ke2 Qc4+ 49. Ke3 Qd4+ 50. Ke2 Qg4+ 51. Ke3 Qf4+ 52. Ke2 Qh2+ 53. Ke3 Qg3+ 54. Ke2 Qg2+ 55. Ke3 Qg5+ 56. Ke2 Qg4+ 57. Ke3 Qf4+ 58. Ke2 Qc4+ 59.
Ke3 Qd4+ 60. Ke2 Kh5 61. Qe6 e4 62. d6 Qd3+ 63. Kf2 Qd2+ 64. Kg3 e3 65. Qg4+ Kh6 66.
Qf4+ Kg7 67. Qe5+ Kh7 68. Qe7+ Kh6 69. Qh4+ Kg7 70. Qe7+ Kh6 71. Qh4+ Kg7 72. Qe7+ Kh6 1/2-1/2

[Event "Early-Titled-Tuesday-Blitz-February-06-2024"]
[Site "Chess.com"]
[Date "2024.02.06"]
[Round "7"]
[White "Yurovskykh_Oleksandr"]
[Black "Jumbo"]
[Result "1-0"]
[WhiteElo "2651"]
[BlackElo "2839"]
[TimeControl "180+1"]
[EndTime "9:19:02 PST"]
[Termination "Yurovskykh_Oleksandr won on time"]

1. d4 Nf6 2. Nf3 e6 3. Bf4 b6 4. e3 Bb7 5. Bd3 c5 6. c3 cxd4 7. exd4 Be7 8. O-O O-O 9. Nbd2 Qc8 10. h3 Ba6 11. Qe2 Bxd3 12. Qxd3 Qb7 13. a4 Rc8 14. Rfe1 Nc6 15. Bg5 Nd5 16. Bxe7 Ncxe7 17. g3 Qc7 18. Kg2 h6 19. h4 a6 20. Ne5 d6 21. Ng4 Nf5 22.
Nf1 Nxh4+ 23. Kh3 Nf5 24. Nge3 Nfe7 25. Nxd5 Nxd5 26. Ne3 Nf6 27. Kg2 Qb7+ 28. f3 b5 29. Re2 Rab8 30. axb5 axb5 31. g4 d5 32. Nc2 Qc7 33.
Nb4 Qc4 34. Qe3 Ra8 35. Rh1 Nh7 36. f4 Qc7 37. Kf3 Nf6 38. Reh2 Ne4 39. g5 Qd6 40. gxh6 g6 41. h7+ Kh8 42. Nd3 Ra7 43. Ne5 Rca8 44. Qg1 Qf8 45. Qxg6 fxg6 46. Nxg6+ Kg7 47. Nxf8 Rxf8 48. h8=Q+ Rxh8 49. Rxh8 Ra2 50. R8h2 Kf6 51. Ke3 Ke7 52. Kd3 Kd6 53. Rg2 b4 54. cxb4 Ra4 55. Rh6 Rxb4 56. f5 Kd7 57. fxe6+ Kd6 58. Rg7 Rxb2 59.
e7+ Kd7 60. Rh8 Rb3+ 61. Ke2 Rb2+ 62. Ke3 Rb3+ 63. Kf4 1-0

[Event "Early-Titled-Tuesday-Blitz-February-06-2024"]
[Site "Chess.com"]
[Date "2024.02.06"]
[Round "7"]
[White "vishwa_vijeta"]
[Black "pavet"]
[Result "1/2-1/2"]
[WhiteElo "2582"]
[BlackElo "2767"]
[TimeControl "180+1"]
[EndTime "9:19:02 PST"]
[Termination "Game drawn by repetition"]

1. e4 e5 2. Nf3 Nc6 3. d4 exd4 4. Bc4 Nf6 5. Ng5 Ne5 6. Qxd4 Nxc4 7. Qxc4 d5 8. exd5 Qxd5 9. Qe2+ Be6 10. Nc3 Bb4 11. O-O Bxc3 12. Nxe6 Qxe6 13. Qb5+ Qc6 14. Qxc6+ bxc6 15. bxc3 O-O-O 16. Be3 Nd5 17. Bd4 f6 18. Rad1 a6 19.
Rfe1 Rhe8 20. Rxe8 Rxe8 21. Kf1 Rd8 22. Rd2 Nb6 23. Re2 Rd7 24. Re6 Kb7 25. Ke2 Nc4 26.
g3 Nd6 27. Bc5 Nb5 28. Re3 Nd6 29. Bxd6 cxd6 30. c4 Kb6 31. Re8 Kc5 32. Kd3 a5 33. Kc3 d5 34. cxd5 Rxd5 35. Re7 Rf5 36. f4 g5 37.
fxg5 fxg5 38. Rxh7 Rf3+ 39. Kb2 a4 40. Rh5 a3+ 41.
Kc1 Kc4 42. Rxg5 Rf1+ 43. Kd2 Ra1 44. Ra5 Rxa2 45. h4 Ra1 46. h5 Kb4 47. Ra8 Rh1 48.
g4 Rh4 49. c3+ Kb3 50. Rb8+ Ka2 51. Rb4 c5 52. Ra4 Kb3 53. Ra6 Rxg4 54. h6 Rh4 55. Rb6+ Ka2 56. Kd3 Ka1 57. Kc2 a2 58. Ra6 Rh2+ 59.
Kc1 c4 60. Rg6 Rh1+ 61. Kc2 Rh2+ 62. Kc1 Rh3 63. h7 Rxc3+ 64. Kd2 Rh3 65. Kc2 Rh2+ 66. Kc3 Rh3+ 67. Kc2 Rh2+ 68. Kc3 Rh3+ 69. Kc2 1/2-1/2

[Event "Early-Titled-Tuesday-Blitz-February-06-2024"]
[Site "Chess.com"]
[Date "2024.02.06"]
[Round "7"]
[White "ilqar_74"]
[Black "SaqoChess_Twitch"]
[Result "0-1"]
[WhiteElo "2785"]
[BlackElo "2621"]
[TimeControl "180+1"]
[EndTime "9:19:02 PST"]
[Termination "SaqoChess_Twitch won on time"]

1. e4 c5 2. Nf3 d6 3. d4 cxd4 4. Nxd4 Nf6 5. Nc3 g6 6. f3 Bg7 7. Be3 O-O 8. Qd2 Nc6 9. O-O-O d5 10. exd5 Nxd5 11. Nxc6 bxc6 12. Bd4 e5 13. Bc5 Be6 14.
Ne4 Re8 15. h4 h6 16. h5 g5 17. Bc4 Qc7 18. Qf2 Red8 19. g4 Nf4 20. Bxe6 Nxe6 21.
Rhe1 Rd5 22. c4 Rd4 23. Bxd4 exd4 24. Rd3 c5 25. Red1 a5 26. Ng3 Nf4 27. Ra3 d3 28.
Ne4 Bd4 29. Qd2 a4 30. Rxd3 Nxd3+ 31. Qxd3 Rb8 32. Rd2 Qf4 33. Kb1 Kg7 34. Rc2 f5 35. gxf5 Qxf5 36. Rd2 Rd8 37. a3 Bf6 38. Qc2 Rxd2 39.
Nxd2 Qe5 40. Ne4 Kf7 41. Nxf6 Qxf6 42. Qxa4 Qxf3 43. Qd7+ Kf6 44. Qd6+ Kf5 45. Qxc5+ Ke4 46. Qc6+ Ke3 47. Qc5+ Ke2 48. Ka2 g4 49. Qe5+ Kf1 50. c5 g3 51. c6 g2 52. c7 Qf7+ 53. b3 Qf2+ 54. Qb2 Qc5 55. Qb1+ Kf2 56. Qb2+ Kg3 57.
Qg7+ Kh2 58. Qb2 Kh1 59. b4 Qc4+ 60. Qb3 Qxc7 61. Qd3 g1=Q 0-1

[Event "Early-Titled-Tuesday-Blitz-February-06-2024"]
[Site "Chess.com"]
[Date "2024.02.06"]
[Round "7"]
[White "Yaacovn"]
[Black "vladgoncharov"]
[Result "1-0"]
[WhiteElo "2840"]
[BlackElo "2635"]
[TimeControl "180+1"]
[EndTime "9:19:04 PST"]
[Termination "Yaacovn won on time"]

1. d4 Nf6 2. e3 g6 3. Nf3 Bg7 4. Be2 O-O 5. O-O c5 6. b3 cxd4 7.
Nxd4 d5 8. Bb2 Re8 9. Nf3 Nc6 10.
Bb5 a6 11. Bxc6 bxc6 12. h3 Qd6 13. Be5 Qe6 14. Nc3 Bh6 15. Na4 Nd7 16. Bf4 Bg7 17. Rc1 a5 18. c4 dxc4 19. Nd4 Qf6 20. Bg3 e5 21. Nf3 cxb3 22. axb3 h6 23. Nd2 e4 24. Nc4 Qe6 25. Nd6 Rd8 26. Rxc6 Ne5 27. Nb6 Ba6 28.
Nxa8 Bxf1 29. Qxf1 Nxc6 30. Nc7 Qxb3 31. Qa6 Qc2 32.
Kh2 a4 33. Nd5 Qc5 34. Qxc6 Qxc6 35. Ne7+ Kh7 36. Nxc6 a3 37. Nxd8 a2 38. N8xf7 a1=Q 39. Nxe4 Qa2 40. Nfd6 Qd5 41. f3 g5 42. Ne8 Kg6 43.
Nxg7 Kxg7 44. Nd6 Kg6 45. e4 Qd2 46. Nf5 h5 47. h4 g4 48. f4 Qe2 49. Nd6 Qd3 50.
e5 Kg7 51. f5 Kf8 52. e6 Ke7 53. Bf4 Qf1 54. Be5 Qe2 55. Bg3 Qf1 56. Nc8+ Kd8 57. Nd6 Ke7 58. Be5 Qe2 59. Bf4 Qe1 60. Nc8+ Kd8 61. f6 Qxh4+ 62. Kg1 Qxf6 63. e7+ Kd7 64. Nd6 Qxe7 65. Kh2 Qe2 66. Bg3 1-0

[Event "Early-Titled-Tuesday-Blitz-February-06-2024"]
[Site "Chess.com"]
[Date "2024.02.06"]
[Round "7"]
[White "Salem-AR"]
[Black "kpio91"]
[Result "0-1"]
[WhiteElo "2936"]
[BlackElo "2857"]
[TimeControl "180+1"]
[EndTime "9:19:05 PST"]
[Termination "kpio91 won by resignation"]

1. e4 e6 2. d4 d5 3. Nc3 Bb4 4. e5 b6 5. Qg4 Bf8 6. h4 Ba6 7. Bxa6 Nxa6 8. h5 h6 9. Rh3 Ne7 10. Rf3 Qd7 11. Qf4 Nc6 12. Nge2 Nab4 13. Kd1 Nd8 14.
a3 Na6 15. a4 c5 16. a5 b5 17. Be3 c4 18. Qg4 b4 19. Nb1 Rb8 20. Nd2 Rb5 21. Nf4 Qc7 22. Nf1 Rxa5 23. Rb1 Nb8 24. Ng3 Nbc6 25. Nge2 Rb5 26. Ke1 a5 27. Ra1 Rb7 28. Kf1 Ra7 29. b3 c3 30. Nc1 Ne7 31. Kg1 Qc6 32.
Ncd3 Qb5 33. Ne2 Nec6 34. Rb1 a4 35. bxa4 Qxa4 36. Kh2 Qxc2 37. Nxb4 Qxb1 38. Nxd5 exd5 39. Nxc3 Qb7 40. Nxd5 Qd7 41. Qf4 Qxd5 42. Rg3 Ne6 43. Qg4 Be7 44. f4 Ncxd4 45. f5 Rd7 46. fxe6 Nxe6 47.
Qa4 Qxe5 48. Qa8+ Bd8 49. Qc6 Qd5 50. Qa4 Qxh5+ 51. Rh3 Qd5 52. Bf4 O-O 53. Bg3 Qd4 54. Qc2 Bc7 55. Bxc7 Rxc7 56. Qf5 Qf4+ 57. Qxf4 Nxf4 58.
Rf3 Ng6 59. Rg3 Kh7 60. Rf3 f6 61. Re3 Re7 62. Rd3 f5 63. Rb3 f4 64. Rb4 f3 65.
gxf3 Rxf3 66. Kg2 Rf4 67. Rb3 Re5 68. Kg3 Rg5+ 69. Kh2 Rh4+ 70. Rh3 Rxh3+ 0-1

[Event "Early-Titled-Tuesday-Blitz-February-06-2024"]
[Site "Chess.com"]
[Date "2024.02.06"]
[Round "7"]
[White "ChessRespected"]
[Black "Abund"]
[Result "1-0"]
[WhiteElo "2568"]
[BlackElo "2741"]
[TimeControl "180+1"]
[EndTime "9:19:06 PST"]
[Termination "ChessRespected won by resignation"]

1. e4 g6 2. h4 h5 3. Nc3 Bg7 4.
d4 c5 5. Be3 cxd4 6. Bxd4 Nf6 7. e5 Ng4 8. e6 f6 9. f3 Nh6 10. exd7+ Bxd7 11. Qd2 Nc6 12. Bf2 Nf5 13. g4 Bh6 14. g5 fxg5 15. hxg5 Bg7 16. O-O-O Qa5 17. Qxd7+ Kf8 18. Rd5 Qb4 19. Rxf5+ gxf5 20. Qxf5+ Kg8 21.
g6 Bh6+ 22. Kb1 Rf8 23. Qe6+ Kg7 24. Bd3 Rf6 25. Qe4 Qd6 26. Nge2 Rhf8 27. Nd4 Ne5 28.
Bg3 Bf4 29. Ncb5 Qd7 30. Bxf4 Nxd3 31. cxd3 a6 32. Nc3 Rxg6 33. Be5+ Kh6 34. a3 b5 35. f4 Qg4 36. f5 Qxe4 37. Nxe4 Rg2 38. Ne6 Rc8 39. Nf4 Rg5 40. Nxg5 Kxg5 41. Rxh5+ Kg4 42. Rh7 Kxf5 43. d4 Re8 44. Rh6 Ke4 45. Rxa6 Rg8 46. Rb6 Ke3 47. Rxb5 Kd2 48. Ka2 Kc2 49. Rb7 Rg3 50.
Rc7+ Kd1 51. Nd5 Rg2 52. Ne3+ Kd2 53. Nxg2 e6 54. Re7 Kd3 55. Ne1+ Kc4 56. d5 Kb5 57.
Bc7 Kc5 58. d6 e5 59. Rxe5+ Kc6 60. Rc5+ Kb7 61. Nd3 Kc8 62. Kb3 Kd7 63. Kc4 Kc8 64. Kd5 Kb7 65. Rb5+ Kc8 66. Rb8+ 1-0

[Event "Early-Titled-Tuesday-Blitz-February-06-2024"]
[Site "Chess.com"]
[Date "2024.02.06"]
[Round "7"]
[White "Binary010"]
[Black "Bilan_Danila"]
[Result "1-0"]
[WhiteElo "2860"]
[BlackElo "2614"]
[TimeControl "180+1"]
[EndTime "9:19:06 PST"]
[Termination "Binary010 won by resignation"]

1. d4 d5 2. Nf3 Nf6 3. Bf4 c5 4. e3 Nc6 5. Nbd2 cxd4 6. exd4 Bg4 7. c3 e6 8. h3 Bh5 9. Qb3 Qc8 10. Ne5 Nxe5 11. dxe5 Nd7 12. c4 d4 13. Qd3 Bc5 14. Ne4 Bb4+ 15. Bd2 Nxe5 16. Qxd4 Bxd2+ 17. Nxd2 Qc7 18. Ne4 O-O 19. Qd6 Rac8 20. Qxc7 Rxc7 21. b3 Rd8 22. Be2 Bg6 23. Ng3 Rcd7 24. O-O Nc6 25. Rfd1 Nd4 26. Kf1 b6 27. h4 h6 28. h5 Nxe2 29. Kxe2 Bc2 30. Rxd7 Rxd7 31. Rc1 Bd3+ 32. Ke3 Bh7 33. Ne4 Bxe4 34. Kxe4 Rd2 35. Ke3 Rxa2 36. b4 Rb2 37. c5 bxc5 38. bxc5 Rb7 39. c6 Rc7 40. Kd4 Kf8 41. Kc5 Ke7 42. Ra1 g6 43. g4 gxh5 44.
gxh5 Rc8 45. Rxa7+ Kf6 46. Kd6 Rd8+ 47. Rd7 Ra8 48. c7 Ra6+ 49. Kc5 Ra1 50. Kc6 Rc1+ 51. Kb7 Rb1+ 52. Ka7 Ra1+ 53. Kb6 Rb1+ 54. Ka5 Ra1+ 55. Kb6 Rb1+ 56. Ka6 Ra1+ 57. Kb7 Rb1+ 58. Kc8 Rg1 59. Rd8 Rb1 60. Kd7 Rd1+ 61. Ke8 Rg1 62. c8=Q Rg8+ 63. Kd7 Rg5 64. Rh8 Rd5+ 65. Kc6 Re5 66. Qd8+ Kf5 67.
Rxh6 Ke4 68. Qh4+ Kd3 69. Rf6 Re2 70. Qg3+ 1-0

[Event "Early-Titled-Tuesday-Blitz-February-06-2024"]
[Site "Chess.com"]
[Date "2024.02.06"]
[Round "7"]
[White "ValiantCeleb"]
[Black "abelmat"]
[Result "0-1"]
[WhiteElo "2221"]
[BlackElo "2092"]
[TimeControl "180+1"]
[EndTime "9:19:06 PST"]
[Termination "abelmat won on time"]

1. e4 e6 2. d4 d5 3. Nc3 dxe4 4. Nxe4 Nd7 5. Nf3 Ngf6 6. Bd3 Be7 7. O-O b6 8. c3 Bb7 9. Qe2 O-O 10. h3 Nxe4 11.
Bxe4 Bxe4 12. Qxe4 Nf6 13. Qe2 c5 14. Bf4 cxd4 15.
Nxd4 Nd5 16. Be5 Rc8 17. Rad1 Bd6 18. Bxd6 Qxd6 19. g3 Qe7 20. Rfe1 Rfd8 21. Qf3 Qc5 22. Nb3 Qb5 23. Rd4 Nf6 24. Red1 Rxd4 25. Rxd4 h6 26.
Qd3 Qxd3 27. Rxd3 Kf8 28. Kg2 Ke7 29. Kf3 Nd5 30. Nd4 a6 31. h4 b5 32. Nf5+ Kf6 33.
Nd6 Rc6 34. Ne4+ Ke7 35. a3 Nb6 36. Ke3 Nc4+ 37. Ke2 Nxb2 38. Nd2 Nxd3 39. Kxd3 Rd6+ 40. Kc2 f5 41. Nb3 e5 42. Nc5 g5 43. hxg5 hxg5 44.
Nd3 Kf6 45. Nc5 f4 46. Ne4+ Ke6 47. Nxg5+ Kf5 48. Nf7 Rf6 49. g4+ Ke6 50. Ng5+ Ke7 51. f3 Rh6 52. Kd3 Rh1 53. Ke4 Kf6 54. Kd3 Ra1 55.
Ne4+ Ke6 56. Nc5+ Kd5 57. Nxa6 Rxa3 58. Nc7+ Kc6 59. Ne6 b4 60. Kc4 bxc3 61. Nd8+ Kd7 0-1

[Event "Early-Titled-Tuesday-Blitz-February-06-2024"]
[Site "Chess.com"]
[Date "2024.02.06"]
[Round "7"]
[White "Evgeny81"]
[Black "verrbaa"]
[Result "1-0"]
[WhiteElo "2703"]
[BlackElo "2491"]
[TimeControl "180+1"]
[EndTime "9:19:08 PST"]
[Termination "Evgeny81 won on time"]

1. e4 e5 2. Nf3 Nc6 3. Bc4 Nf6 4. d3 Be7 5. O-O O-O 6. a4 d5 7. exd5 Nxd5 8. Re1 Bg4 9. Nbd2 Kh8 10. h3 Bxf3 11.
Nxf3 f6 12. c3 a5 13. Bb3 Nb6 14. Be3 Qd7 15. Qe2 Rad8 16. Rad1 Bd6 17. Bc1 Rde8 18. Nd2 f5 19. Qh5 Nd8 20. Nc4 Nxc4 21. dxc4 b6 22. c5 bxc5 23. g4 Qc6 24. Bd5 Qd7 25. gxf5 Qxf5 26. Qxf5 Rxf5 27. c4 Ne6 28. Be4 Rh5 29. Kh2 Rf8 30. f3 Nd4 31. Rd3 g6 32. Kg2 Kg7 33.
Bd2 Rb8 34. Rb1 Ne6 35. b3 Nf4+ 36. Bxf4 exf4 37. Rbd1 Re5 38. Kf2 Rb6 39. Ke2 Kf6 40. Kd2 g5 41. Kc2 h6 42. Rd5 Rxd5 43. Rxd5 Rb8 44.
Rf5+ Ke6 45. h4 gxh4 46. Rh5 Be7 47. Bd5+ Kf6 48. Rxh6+ Kg5 49. Rh7 Bf6 50. Be4 Rh8 51. Rxc7 h3 52. Rxc5+ Kh4 53. Rd5 h2 54. Rd1 Kg3 55. c5 h1=Q 56. Rxh1 Rxh1 57. c6 Be5 58. b4 axb4 59. Kb3 Rb1+ 60. Bxb1 Kxf3 61. Kxb4 Ke3 62. Ba2 f3 63. Bc4 f2 64. Kb5 Kd4 65. a5 Bb8 66. a6 1-0

[Event "Early-Titled-Tuesday-Blitz-February-06-2024"]
[Site "Chess.com"]
[Date "2024.02.06"]
[Round "7"]
[White "MatthewG-p4p"]
[Black "SantoBlue"]
[Result "1-0"]
[WhiteElo "2826"]
[BlackElo "2985"]
[TimeControl "180+1"]
[EndTime "9:19:09 PST"]
[Termination "MatthewG-p4p won by resignation"]

1. e4 d6 2. d4 Nf6 3. Nc3 e5 4. Nf3 Nbd7 5. Bc4 Be7 6. O-O O-O 7. h3 c6 8. a4 h6 9. Re1 Re8 10. Bf1 exd4 11. Nxd4 Bf8 12. Bf4 Ne5 13. Qd2 a5 14.
Rad1 Qb6 15. b3 Bd7 16. Be3 Qc7 17. f4 Ng6 18. Bf2 Rad8 19. g3 d5 20. e5 Nh7 21.
Qd3 Qc8 22. e6 Bxe6 23. Nxe6 Rxe6 24. Rxe6 Qxe6 25. f5 Qf6 26. fxg6 fxg6 27. h4 Bd6 28. Bg2 Nf8 29. Rf1 Qe7 30. Re1 Qf6 31. Bh3 Be5 32.
Ne2 Nd7 33. Rf1 Qd6 34. Bd4 Nc5 35. Qf3 Ne4 36. Bxe5 Qxe5 37. Qe3 d4 38. Qd3 Kh7 39. Nf4 Nf6 40. Nxg6 Qe3+ 41. Qxe3 dxe3 42. Nf4 Rd2 43. Bf5+ Kg8 44. Re1 g5 45. hxg5 hxg5 46. Nh3 Nd5 47. Nxg5 Rf2 48. Be6+ Kg7 49. Bxd5 cxd5 50.
Rxe3 Rxc2 51. Rd3 Rb2 52. Ne6+ Kf6 53. Nf4 Ke5 54. Rxd5+ Ke4 55. Rd3 b6 56. Kf1 Ra2 57. Rc3 Rb2 58. Ne2 Rb1+ 59. Kf2 Rb2 60. g4 Rd2 61. Rg3 Ke5 62. g5 Rd7 63. g6 Rg7 64. Ke3 Kf5 65. Nd4+ Kf6 66. Ke4 Re7+ 67. Kd5 Kg7 68.
Nf5+ 1-0

[Event "Early-Titled-Tuesday-Blitz-February-06-2024"]
[Site "Chess.com"]
[Date "2024.02.06"]
[Round "7"]
[White "The_Straightforward_Rook"]
[Black "Nf3c5"]
[Result "1-0"]
[WhiteElo "2404"]
[BlackElo "2542"]
[TimeControl "180+1"]
[EndTime "9:19:09 PST"]
[Termination "The_Straightforward_Rook won on time"]

1. Nf3 d5 2. c4 d4 3. b4 f6 4. e3 e5 5. c5 a5 6. a3 axb4 7. Bc4 Bxc5 8. Nxe5 Nh6 9. Qh5+ Kf8 10. Nf7 Qe7 11. Nxh8 Bg4 12. Qd5 Nc6 13. Nf7 Nxf7 14.
Qxf7+ Qxf7 15. Bxf7 Kxf7 16. O-O b3 17. Bb2 Rd8 18.
Rc1 Bb6 19. a4 Rd7 20. Na3 Nb4 21. Nc4 Ba7 22. e4 Nc2 23. Rab1 Be6 24. Na3 Nb4 25. Nb5 Bb6 26. Ba3 Nd3 27. Rf1 c6 28. Nd6+ Kg8 29.
f4 Nc5 30. Bxc5 Bxc5 31. Nf5 d3+ 32. Kh1 g6 33. Ng3 Bf7 34. h3 Bd4 35. e5 c5 36.
Ne4 fxe5 37. Nf6+ Kg7 38. Nxd7 c4 39. Nxe5 Be6 40. Rfc1 Bxe5 41. fxe5 Bd5 42. Kg1 Kf7 43. Kf2 Ke6 44. Re1 Bc6 45. a5 Bd5 46. g4 h6 47.
h4 g5 48. hxg5 hxg5 49. Ke3 Bc6 50. Rf1 Bd5 51. Rf5 Bc6 52. Rxg5 Kd5 53. Rf5 Kc5 54. e6+ Kb4 55. e7 Ka3 56. Rc5 Be8 57. Rc8 Bg6 58.
e8=Q Bxe8 59. Rxe8 Ka2 60. Rh1 b2 61. Rb8 b1=Q 62.
Rxb1 Kxb1 63. Rxb7+ Kc2 64. a6 c3 65. dxc3 d2 66.
Rd7 d1=Q 67. Rxd1 Kxd1 68. a7 1-0

[Event "Early-Titled-Tuesday-Blitz-February-06-2024"]
[Site "Chess.com"]
[Date "2024.02.06"]
[Round "7"]
[White "FMVolodymyrSakun"]
[Black "campochess"]
[Result "1/2-1/2"]
[WhiteElo "2528"]
[BlackElo "2075"]
[TimeControl "180+1"]
[EndTime "9:19:11 PST"]
[Termination "Game drawn by repetition"]

1. d4 Nf6 2. c4 e6 3. Nf3 b6 4. g3 Bb7 5. Bg2 Bb4+ 6. Bd2 a5 7. O-O O-O 8. Nc3 Re8 9. Re1 Bf8 10. e4 d6 11. Qe2 Nfd7 12. Rad1 Nc6 13. a3 Ne7 14. h4 h6 15. Qd3 g6 16. h5 Bg7 17. hxg6 Nxg6 18. Be3 Nf6 19. Nh2 e5 20. d5 Bc8 21. Qd2 Kh7 22. Bf3 Ng8 23.
Kg2 f5 24. exf5 Bxf5 25. Be4 Qf6 26. Rh1 Rf8 27. Qd3 N8e7 28. Rdf1 Kg8 29. Bxf5 Nxf5 30. Ng4 Nxe3+ 31. Qxe3 Qg5 32. Nxh6+ Bxh6 33. Rxh6 Nf4+ 34. Kg1 Qxh6 35. gxf4 Rxf4 36. Ne4 Kf7 37. Ng3 Rg8 38. Rc1 Qh3 39. Rc3 Rh4 40. Qf3+ Ke7 41. Qg2 Qg4 42. Rf3 Rhh8 43. Nf5+ Kd8 44. Ng3 Qxc4 45. Rc3 Qd4 46.
Qf3 Rf8 47. Qe2 Rf4 48. Rd3 Qc4 49. Kg2 Rfh4 50. Qd2 Rh2+ 51. Kg1 Qh4 52. Kf1 Qh3+ 53. Ke1 Rg2 54. Qg5+ Kc8 55. Rc3 Rg1+ 56. Ke2 Rf8 57. Qe7 Rxf2+ 58. Kxf2 Qg2+ 59. Ke3 Qxg3+ 60. Kd2 Qf2+ 61.
Kd3 Rg3+ 62. Kc4 Qc5+ 63. Kb3 Rxc3+ 64. bxc3 Qxd5+ 65. Kb2 Kb7 66. Qe8 b5 67. a4 b4 68.
cxb4 axb4 69. Qd7 Qd2+ 70. Kb3 Qc3+ 71. Ka2 e4 72. Qb5+ Ka7 73. Qa5+ Kb8 74. Qb5+ Kc8 75.
Qe8+ Kb7 76. Qb5+ Ka8 77. Qa5+ Kb8 78. Qb5+ Kc8 79. Qe8+ Kb7 80. Qb5+ 1/2-1/2

[Event "Early-Titled-Tuesday-Blitz-February-06-2024"]
[Site "Chess.com"]
[Date "2024.02.06"]
[Round "7"]
[White "DenLaz"]
[Black "Hovik_Hayrapetyan"]
[Result "1-0"]
[WhiteElo "3064"]
[BlackElo "2898"]
[TimeControl "180+1"]
[EndTime "9:19:13 PST"]
[Termination "DenLaz won by resignation"]

1. d4 Nf6 2. c4 e6 3. Nf3 d5 4. g3 Be7 5. Bg2 O-O 6. O-O dxc4 7. Qc2 a6 8. a4 Bd7 9. Qxc4 Bc6 10. Bg5 Nbd7 11.
Nc3 a5 12. Rfd1 h6 13. Bxf6 Nxf6 14. e3 Bb4 15. Qe2 Qe7 16. Ne5 Bxg2 17. Kxg2 Rfd8 18. Rac1 c5 19. Nb5 Rac8 20. dxc5 Rxd1 21. Rxd1 Qxc5 22. Nf3 Qc2 23. Qxc2 Rxc2 24. Ne5 Rxb2 25. Kf3 g5 26. g4 Nd5 27. Rc1 Ra2 28. Rc8+ Kg7 29. Rb8 Kf6 30. Nd7+ Ke7 31. Rxb7 f5 32. h3 Nc3 33. Nxc3 Bxc3 34. Nc5+ Kf6 35. Rb6 fxg4+ 36. hxg4 Be1 37. Nd3 Bc3 38.
Nc5 Be1 39. Ne4+ Kf7 40. Rb7+ Kf8 41. Rh7 Rxa4 42. Rxh6 Ra1 43. Rxe6 a4 44. Ra6 a3 45. Nxg5 Bb4 46. Ne6+ Ke8 47. Nc7+ Kf8 48. Nd5 Bc5 49. Ke4 Rf1 50. f4 Rf2 51. g5 Rg2 52.
Kf5 a2 53. Nc3 Bxe3 54. Rxa2 Rg1 55. Nd5 Bc1 56. Ra8+ Kf7 57. Ra7+ Kf8 58. g6 Rf1 59. Rf7+ Ke8 60. Nc7+ Kd8 61. Ne6+ Ke8 62. Ra7 Rg1 63. g7 Bb2 64. Ra8+ Kf7 65. Rf8+ Ke7 66. g8=Q Rxg8 67. Rxg8 Kf7 68. Rg2 1-0

[Event "Early-Titled-Tuesday-Blitz-February-06-2024"]
[Site "Chess.com"]
[Date "2024.02.06"]
[Round "7"]
[White "karinachess1"]
[Black "Vladimir_Zakhartsov"]
[Result "1-0"]
[WhiteElo "2647"]
[BlackElo "2816"]
[TimeControl "180+1"]
[EndTime "9:19:13 PST"]
[Termination "karinachess1 won by resignation"]

1. d4 Nf6 2. c4 e6 3. Nc3 c5 4. Nf3 cxd4 5. Nxd4 Nc6 6. a3 Bc5 7. Nb3 Be7 8. g3 b6 9. Bg2 Ba6 10. Nd2 Rc8 11. b3 d5 12. cxd5 exd5 13. O-O O-O 14. Bb2 Re8 15. Re1 Bc5 16. e3 d4 17.
exd4 Rxe1+ 18. Qxe1 Nxd4 19. Rc1 Qd7 20. b4 Re8 21. Qd1 Ne2+ 22. Nxe2 Bxe2 23. Qc2 Bd3 24. Qc3 Bf8 25. Bc6 Qf5 26. Bxe8 Nxe8 27. Qc8 Qb5 28.
Re1 Nd6 29. Qd8 h6 30. Be5 Nf5 31. Nf3 Bc4 32. Nd4 Nxd4 33. Bxd4 Be6 34. Bc3 Qc6 35.
Qd4 Bh3 36. Re4 Bc8 37. f3 Bb7 38. Rg4 f6 39. Qxf6 Qxf6 40. Bxf6 Bxf3 41. Rf4 Bd5 42. Bd4 Bd6 43. Rf2 Bf7 44. Rd2 Bf8 45. Kf2 a5 46. Bc3 axb4 47. Bxb4 Bxb4 48. axb4 b5 49. Rd8+ Kh7 50.
Rb8 Bc4 51. Ke3 Kg6 52. Rb6+ Kh5 53. Kf4 g5+ 54. Kf3 Bd5+ 55. Kf2 Bc4 56. h3 g4 57. h4 Bd3 58. Ke3 Bc4 59. Kf4 Bd3 60. Rc6 Bc4 61. Rc5+ Kg6 62. Kxg4 h5+ 63. Kf4 Be2 64.
Rc6+ Kf7 65. Kg5 Ke7 66. Rb6 Kd7 67. Rh6 Ke7 68. Rxh5 Kd6 69. Rh6+ Kd5 70. h5 Kc4 71. Re6 Bd3 72. h6 Kxb4 73. Re7 Kc3 74. h7 Bxh7 75.
Rxh7 b4 76. Rb7 b3 77. g4 b2 78. Kf6 b1=Q 79. Rxb1 1-0

[Event "Early-Titled-Tuesday-Blitz-February-06-2024"]
[Site "Chess.com"]
[Date "2024.02.06"]
[Round "7"]
[White "anasta10"]
[Black "agvania123"]
[Result "0-1"]
[WhiteElo "2531"]
[BlackElo "2348"]
[TimeControl "180+1"]
[EndTime "9:19:14 PST"]
[Termination "agvania123 won on time"]

1. Nf3 Nf6 2. c4 g6 3. Nc3 d5 4. d4 Bg7 5. h4 h5 6. Bf4 O-O 7.
e3 c6 8. Qb3 Qb6 9. Qxb6 axb6 10. cxd5 Nxd5 11. Nxd5 cxd5 12. a3 Bf5 13. Rc1 Nc6 14.
Be2 Rfc8 15. O-O f6 16. Rfd1 Kf7 17. Bg3 Na5 18. Rc7 Rxc7 19. Bxc7 Rc8 20. Bxb6 Nb3 21.
Ne1 e6 22. Bd3 Bf8 23. Bxf5 gxf5 24. Nd3 Rc2 25. Ba7 Bd6 26. g3 Rc6 27. Kg2 b6 28. Nb4 Bxb4 29. axb4 b5 30. Bc5 Ra6 31.
Rd3 Na1 32. Rc3 Ra2 33. Bd6 Rxb2 34. Rc7+ Kg6 35. Re7 Nc2 36. Kg1 Ne1 37. Rxe6 Nf3+ 38. Kg2 Nd2 39. Be7 Ne4 40. Kg1 Rb1+ 41. Kg2 Rb2 42. Kg1 Kf7 43. Rb6 Kxe7 44. Rxb5 Rxf2 45. Rxd5 Rf3 46. b5 Rxg3+ 47. Kh2 Rxe3 48. Rxf5 Re2+ 49. Kh3 Rd2 50. b6 Rxd4 51. Rb5 Rd8 52. Rxh5 Rb8 53.
b7 Nd6 54. Rh7+ Ke6 55. h5 Rxb7 56. Rh8 Rb3+ 57. Kg4 Rb4+ 58. Kg3 Nf5+ 59. Kf3 Rh4 60.
Ra8 Rxh5 61. Kg4 Rg5+ 62. Kf4 Ne7 63. Ra6+ Kf7 64. Ra7 Re5 65. Rb7 Kg6 66. Rb8 Nd5+ 67. Kg4 Re4+ 68. Kf3 f5 69. Rg8+ Kf6 70. Rd8 Ke5 71. Ra8 Re3+ 72. Kf2 f4 0-1

[Event "Early-Titled-Tuesday-Blitz-February-06-2024"]
[Site "Chess.com"]
[Date "2024.02.06"]
[Round "7"]
[White "arnash_bauyrzhan"]
[Black "picturesquecheck"]
[Result "0-1"]
[WhiteElo "2263"]
[BlackElo "2391"]
[TimeControl "180+1"]
[EndTime "9:19:14 PST"]
[Termination "picturesquecheck won by resignation"]

1. e4 d6 2. d4 g6 3. Nf3 Bg7 4. Bd3 Nd7 5. O-O c5 6. c3 a6 7. Be3 e6 8. h3 Ne7 9. Qe2 O-O 10.
a4 Qc7 11. Nbd2 b6 12. Rfd1 Bb7 13. Nf1 Nc6 14. d5 exd5 15. exd5 Nce5 16. Nxe5 Nxe5 17.
c4 Bc8 18. Ng3 Nxd3 19. Rxd3 Re8 20. Qc2 h5 21. Rb3 h4 22. Nf1 Bf5 23. Qd2 Rab8 24. Bg5 Re4 25. Rc1 f6 26. Be3 Qd7 27. Qe2 a5 28. Qf3 Qxa4 29. Nd2 Re7 30. Ra3 Qd7 31. Bf4 g5 32. Bh2 Bg6 33. Rb3 f5 34. Ra1 Qc7 35. Qd3 Be5 36. Bxe5 Rxe5 37. Nf3 Re7 38. Nxg5 Rbe8 39. Ne6 Qa7 40. Qf3 Rh7 41. Qf4 Qe7 42. Rf3 Qf6 43. Qxd6 Qxb2 44. Re1 Qf6 45. Qf4 Rhe7 46. Qh6 Qf7 47. Rb1 Qh7 48. Qg5 Kh8 49. Rxb6 Bf7 50. d6 Rxe6 51. Rxf5 Re1+ 52. Kh2 Bg6 53. d7 Bxf5 54. dxe8=Q+ Rxe8 55. Qf6+ Kg8 56. Rd6 Rf8 57. Qg5+ Kh8 58. Rh6 Rg8 59. Rxh7+ Kxh7 60. Qxh4+ Kg7 61. Qf6+ Kxf6 62. g4 Bd3 63. g5+ Kf5 64.
f3 a4 65. h4 a3 0-1